 Dungeon Sprint DCSS version 0.18.1-50-g88ac8fd (webtiles) character file.

1500 mopl the Unseen (level 8, -20/37 HPs)
             Began as a Spriggan Assassin on May 13, 2017.
             Was an Initiate of Sif Muna.
             Killed by an exploding giant spore (31 damage)
             ... in the Dungeon (Sprint I: "Red Sonja").
             The game lasted 00:01:53 (525 turns).

mopl the Unseen (Spriggan Assassin)                  Turns: 525, Time: 00:01:53

Health: -20/37     AC:  3    Str:  7    XL:     8   Next: 52%
Magic:  9/9        EV: 17    Int: 13    God:    Sif Muna [......]
Gold:   252        SH:  0    Dex: 19    Spells: 0 memorised, 7 levels left

rFire  . . .     SeeInvis +     a - +2 dagger
rCold  . . .     Gourm    .     c - +0 robe
rNeg   . . .     Faith    .     (shield restricted)
rPois  .         Spirit   .     (helmet restricted)
rElec  .         Dismiss  .     p - +0 cloak {MR+}
rCorr  .         Reflect  .     (gloves unavailable)
SustAt .         Harm     .     (boots unavailable)
MR     ++...     NoTele   +     (no amulet)
Stlth  +++.......               (no ring)
                                (no ring)

@: confused, very quick, very resistant to hostile enchantments, fairly stealthy
A: unfitting armour, see invisible, herbivore 3, speed 3, slow metabolism 2,
subdued magic 1
a: Renounce Religion


You were in the Dungeon.
You worshipped Sif Muna.
Sif Muna was noncommittal.
You were not hungry.

You visited 1 branch You collected 531 gold pieces.
You spent 279 gold pieces at shops.

Inventory:

Hand Weapons
 a - a +2 dagger (weapon)
 b - a +0 blowgun
Missiles
 e - 23 poisoned needles
 f - 11 curare-tipped needles
Armour
 c - a +0 robe (worn)
 d - a +0 cloak
 p - a +0 cloak of magic resistance (worn)
Scrolls
 m - a scroll of blinking
 n - a scroll of amnesia {unknown}
Potions
 h - a potion of curing
 i - a potion of heal wounds
 j - a potion of haste
 k - 2 potions of magic
 l - a potion of berserk rage {!q}
 o - a potion of resistance
Comestibles
 g - a bread ration


   Skills:
 - Level 1.5 Fighting
 + Level 10.7 Short Blades
 + Level 9.8 Throwing
 - Level 1.5 Dodging
 * Level 19.6 Stealth


You had 7 spell levels left.
You didn't know any spells.

Dungeon Overview and Level Annotations

Branches:
Dungeon (1/1)

Altars:
Elyvilon
Gozag
Kikubaaqudgha
Makhleb
Nemelex Xobeh
Okawaru
Pakellas
Qazlal
Ru
Sif Muna
Trog
Vehumet
Xom
Yredelemnul
Zin
The Shining One

Shops:
D (![


Innate Abilities, Weirdness & Mutations

You are tiny and cannot use many weapons and most armour.
You have supernaturally acute eyesight.
You are a herbivore.
You cover ground extremely quickly.
You need consume almost no food.
Your spells are a little easier to cast, but a little less powerful.


Message History

There are no items here.
You open the door. 2 giant spores come into view.
Found 104 gold pieces, 3 potions of curing and a small onyx ring.
Found 54 gold pieces.
There is an open door here.
Unknown command.
The helpless giant spore fails to defend itself.
You spit the giant spore like a pig!!!!!
The giant spore explodes!
A fungus suddenly grows.
The explosion of spores engulfs you!
You are confused.
Ouch! That really hurt!
* * * LOW HITPOINT WARNING * * *
The explosion of spores engulfs the giant spore.
The giant spore explodes!
A fungus suddenly grows.
The explosion of spores engulfs you!
You are more confused.
Ouch! That really hurt!
You die...

#..#_.___##'#..+
#⌠⌠#_.∩...'..._#
####_..._##_.#'##+###
#_____###'#.#().)###
############.####'###[##
#∩..(.....'...'.....'%∩#
###''''####.).##########
#...... ##.## #G....G
#@# #..#... #P!$P$# #.
G... #$=$$$# # .G..#
####### G....


There were no monsters in sight!

Vanquished Creatures
  Sonja (D)
  A shining eye (D)
  Sigmund (D)
  A yak (D)
  A giant eyeball (D)
  An ogre (D)
  A jelly (D)
  Ijyb (D)
8 creatures vanquished.

Notes
Turn   | Place    | Note
--------------------------------------------------------------
     0 | D        | mopl the Spriggan Assassin began the quest for the Orb.
     0 | D        | Reached XP level 1. HP: 10/10 MP: 2/2
     2 | D        | Noticed Ijyb
     4 | D        | Killed Ijyb
     4 | D        | Reached skill level 3 in Short Blades
     4 | D        | Reached skill level 3 in Throwing
     4 | D        | Reached skill level 8 in Stealth
     4 | D        | Reached XP level 2. HP: 14/14 MP: 3/3
     6 | D        | Noticed an ogre
     9 | D        | Killed an ogre
     9 | D        | Reached skill level 5 in Short Blades
     9 | D        | Reached skill level 4 in Throwing
     9 | D        | Reached skill level 11 in Stealth
     9 | D        | Reached XP level 3. HP: 18/18 MP: 4/4
     9 | D        | Reached XP level 4. HP: 22/22 MP: 5/5
    21 | D        | Noticed Sigmund
    23 | D        | Killed Sigmund
    23 | D        | Reached skill level 7 in Short Blades
    23 | D        | Reached skill level 6 in Throwing
    23 | D        | Reached skill level 14 in Stealth
    23 | D        | Reached XP level 5. HP: 25/25 MP: 6/6
    23 | D        | Reached XP level 6. HP: 30/30 MP: 7/7
    35 | D        | Found a deep blue altar of Sif Muna.
    37 | D        | Found a radiant altar of Vehumet.
    43 | D        | Became a worshipper of Sif Muna the Loreminder
    68 | D        | Found Seijod's Distillery.
    68 | D        | Found a white marble altar of Elyvilon.
    68 | D        | Found a stormy altar of Qazlal.
    68 | D        | Found a basalt altar of Yredelemnul.
    68 | D        | Found an iron altar of Okawaru.
    68 | D        | Found a sparkling altar of Nemelex Xobeh.
    68 | D        | Found a shimmering altar of Xom.
    68 | D        | Found an ancient bone altar of Kikubaaqudgha.
    68 | D        | Noticed a yak
    69 | D        | Found a burning altar of Makhleb.
    69 | D        | Found a sacrificial altar of Ru.
    69 | D        | Found an oddly glowing altar of Pakellas.
    69 | D        | Found a glowing golden altar of the Shining One.
    69 | D        | Found an opulent altar of Gozag.
    69 | D        | Found a glowing silver altar of Zin.
    70 | D        | Killed a yak
    70 | D        | Reached skill level 8 in Short Blades
    70 | D        | Reached skill level 7 in Throwing
    70 | D        | Reached skill level 15 in Stealth
    71 | D        | Found a bloodstained altar of Trog.
    75 | D        | Bought a potion of resistance for 130 gold pieces
    89 | D        | Noticed Sonja
    93 | D        | Killed Sonja
    93 | D        | Reached skill level 9 in Short Blades
    93 | D        | Reached skill level 9 in Throwing
    93 | D        | Reached skill level 18 in Stealth
    93 | D        | Reached XP level 7. HP: 33/33 MP: 8/8
    93 | D        | Reached XP level 8. HP: 37/37 MP: 9/9
   105 | D        | Noticed a deep troll
   108 | D        | HP: 1/37 [deep troll (10)]
   441 | D        | Found Ulica Rahoett's Armour Emporium.
   445 | D        | Bought a +0 cloak of magic resistance for 149 gold pieces
   473 | D        | Found Xoboc's Antique Weapon Boutique.
   473 | D        | Noticed a shining eye
   473 | D        | Noticed a shining eye
   474 | D        | Noticed a shining eye
   484 | D        | Paralysed by a giant eyeball for 2 turns
   492 | D        | Reached skill level 10 in Short Blades
   499 | D        | Gained mutation: Your spells are a little easier to cast, but a little less powerful. [a shining eye]
   513 | D        | Killed a shining eye
   513 | D        | Reached skill level 19 in Stealth
   525 | D        | Killed by an exploding giant spore

Skill      XL: |  1  2  3  4  5  6  7  8 |
---------------+-------------------------+-----
Short Blades   | 3 5 7 9 10 | 10.7
Throwing       | 3 4 6 9 |  9.8
Stealth        | 8 11 14 18 19 | 19.6
Fighting       | |  1.5
Dodging        | |  1.5

Action                   |  1- 3 |  4- 6 |  7- 9 || total
-------------------------+-------+-------+-------++-------
Melee: Dagger            |     2 |     4 |    22 ||    28
 Fire: Blowgun           |       |       |     4 ||     4
 Stab: Sleeping          |     2 |     4 |     1 ||     7
